 Dungeon Crawl Stone Soup version 0.25.1-2-g60ff931df9 (webtiles) character file.

Game seed: 1790429172445892586

120 DildoBatman the Conjurer (level 5, -3/35 HPs)
             Began as a Formicid Wizard on Oct 5, 2020.
             Shot with an arrow by a centaur (11 damage)
             ... on level 5 of the Dungeon.
             The game lasted 00:09:51 (4050 turns).

DildoBatman the Conjurer (Formicid Wizard)          Turns: 4050, Time: 00:09:52

Health: -3/35      AC:  2    Str: 11    XL:     5   Next: 25%
Magic:  6/9        EV: 12    Int: 19    God:
Gold:   182        SH:  0    Dex:  9    Spells: 3/10 levels left

rFire    . . .     SeeInvis +   a - +4 short sword
rCold    . . .     Gourm    .   (no shield)
rNeg     . . .     Faith    .   d - +0 robe
rPois    .         Spirit   .   (helmet unavailable)
rElec    .         Reflect  .   (no cloak)
rCorr    .         Harm     .   (no gloves)
MR       .....                  (no boots)
Stlth    ++........             (no amulet)
HPRegen  0.11/turn              (no ring)
MPRegen  0.11/turn              (no ring)

@: very slightly contaminated
A: permanent stasis, dig shafts and tunnels, four strong arms, antennae 3
a: Dig, Shaft Self


You were on level 5 of the Dungeon.
You were not hungry.

You visited 1 branch of the dungeon, and saw 5 of its levels.

You collected 182 gold pieces.

Inventory:

Hand Weapons
 a - a +4 short sword (weapon)
Missiles
 e - 50 bolts
 i - 28 arrows
 p - 8 boomerangs
 q - 170 stones (quivered)
Armour
 d - a +0 robe (worn)
 s - a +0 tower shield
Magical Staves
 r - an uncursed staff of air {unknown}
Scrolls
 c - a scroll of amnesia
 j - a scroll of enchant weapon
 k - a scroll of immolation
 o - a scroll of fog {unknown}
 z - a scroll of identify
Potions
 b - a potion of curing {unknown}
 h - 2 potions of heal wounds {unknown}
Comestibles
 f - 5 chunks of flesh
 v - 7 rations


   Skills:
 - Level 1.7 Dodging
 - Level 2.4 Stealth
 - Level 3.2 Spellcasting
 * Level 4.2 Conjurations
   Level 1.0 Summonings
   Level 0.8 Translocations


You had 3 spell levels left.
You knew the following spells:

 Your Spells              Type           Power        Failure   Level  Hunger
a - Conjure Flame         Conj/Fire      ##......     19%         3    ###....
c - Magic Dart            Conj           ###.         2%          1    None
e - Mephitic Cloud        Conj/Pois/Air  #.......     26%         3    ###....

Your spell library contained the following spells:

 Spells                   Type           Power        Failure   Level  Hunger
 Summon Small Mammal      Summ           #...         10%         1    None
 Apportation              Tloc           #.....       11%         1    None
 Animate Skeleton         Necr           N/A          16%         1    None
 Corona                   Hex            #......      16%         1    None
 Call Imp                 Summ           #.......     16%         2    ##.....
 Slow                     Hex            #.......     22%         2    ##.....
 Blink                    Tloc           Unusable     N/A         2    N/A

Dungeon Overview and Level Annotations

Branches:
Dungeon (5/15)
 Temple: D:4-7

Altars:
Dithmenos
Fedhas
Makhleb
Vehumet

Annotations:
D:2 Sigmund


Innate Abilities, Weirdness & Mutations

You cannot be hasted, slowed, berserked, paralysed or teleported.
You can dig through walls and to a lower floor.
Your four strong arms can wield two-handed weapons with a shield.
You have a pair of large antennae on your head. (SInv)


Message History

The arrow hits you!
You see here an arrow.
Adjust (i)tems, (s)pells, or (a)bilities?
Adjust which spell? b - Mephitic Cloud Adjust to which letter? e - Mephitic Cloud Unknown command.
Casting: Magic Dart (safe; 2% risk of failure)
Confirm with . or Enter, or press ? or * to list all spells.
The spell is quite dangerous to cast (26% risk of failure)!
Continue anyway?
Aiming: Mephitic Cloud (quite dangerous; 26% risk of failure)
Press: ? - help, Shift-Dir - straight line, f - centaur
Aim: a centaur, wielding a +0 shortbow and quivering 13 arrows You miscast Mephitic Cloud.
You are very lightly contaminated with residual magic.
You feel a sudden electric shock!
The centaur shoots an arrow.
The arrow hits you!
You die...

# #.# #######+#
#####.###.# #........
#.........# #........
#.######..# #.........
#..###.........
#....#....# .##
#.######....#....#c..#
#...........c(......%
#.######..@.#....#.?.
#.# #.#..#....# #.#
##.##.#.........
#.#####...#.#.........
#...........#.........
#.........#.#.........
#...##.#..#.#######+##
#...##.......
#............#


You could see a centaur.

Vanquished Creatures
  2 adders
  An ooze (D:1)
  3 worms
  2 dart slugs
  2 leopard geckos
  2 orcs
  5 giant cockroaches
  5 goblins
  8 hobgoblins
  17 jackals
  5 kobolds
  2 quokkas (D:2)
  A ball python (D:2)
  5 bats
  2 frilled lizards
  A quokka skeleton (D:4)
  10 rats
73 creatures vanquished.

Notes
Turn   | Place    | Note
-------+----------+-------------------------------------------
     0 | D:1      | DildoBatman the Formicid Wizard began the quest for the
                  | Orb.
     0 | D:1      | Reached XP level 1. HP: 13/13 MP: 4/4
    20 | D:1      | Reached skill level 1 in Conjurations
   217 | D:1      | Reached XP level 2. HP: 18/19 MP: 0/6
   277 | D:1      | Reached skill level 2 in Conjurations
   738 | D:1      | Reached XP level 3. HP: 13/24 MP: 0/7
  1909 | D:2      | Noticed Sigmund
  1934 | D:2      | Reached skill level 3 in Conjurations
  2225 | D:2      | Reached XP level 4. HP: 30/30 MP: 0/8
  2245 | D:2      | Learned a level 3 spell: Conjure Flame
  2249 | D:2      | Learned a level 3 spell: Mephitic Cloud
  2732 | D:3      | Found a radiant altar of Vehumet.
  3399 | D:3      | Found a blossoming altar of Fedhas.
  3442 | D:3      | Reached skill level 4 in Conjurations
  3442 | D:3      | Reached XP level 5. HP: 35/35 MP: 6/9
  3775 | D:4      | Found a burning altar of Makhleb.
  3862 | D:4      | Found a shadowy altar of Dithmenos.
  3945 | D:5      | Entered Level 5 of the Dungeon
  4041 | D:5      | Noticed a centaur
  4050 | D:5      | Shot with an arrow by a centaur

Illustrated notes

Levels and vault maps discovered:
D:1:      dpeg_arrival_simpleton_a, layout_basic
D:2:      layout_basic, wad_floor_pattern_2, uniq_sigmund
D:3:      layout_basic, old_standard_altar, lemuel_coloured_pillars_altar,
          serial_glass, glass_columns_a, glass_columns_c
D:4:      layout_gridville, lemuel_crystal_altar, lightli_temple_of_fire,
          serial_shops, nicolae_shop_trees, dk_vineyard_2,
          chequers_serial_rivers_small_a, uniq_robin
D:5:      cheibrodos_quashed, layout_loops_ring, first_ration,
          kennysheep_generic_room_2, uniq_menkaure

Skill      XL: |  1  2  3  4 |
---------------+-------------+-----
Conjurations   | 1 2 3 4 |  4.2
Dodging        | |  1.7
Stealth        | |  2.4
Spellcasting   | |  3.2
Summonings     | |  1.0
Translocations | |  0.8

Action                   |  1- 3 |  4- 6 || total
-------------------------+-------+-------++-------
Melee: Club              |     4 |       ||     4
       Unarmed           |     1 |       ||     1
       Short sword       |    12 |    32 ||    44
Throw: Stone             |     6 |     5 ||    11
 Cast: Magic Dart        |    85 |    82 ||   167
 Abil: Dig               |     1 |     5 ||     6
  Use: Scroll            |       |     8 ||     8
 Stab: Sleeping          |       |     1 ||     1
  Eat: Chunk             |     4 |     6 ||    10
Armor: Robe              |     5 |    11 ||    16
Dodge: Dodged            |    19 |    37 ||    56
